 Dungeon Crawl Stone Soup version 0.24-a0-441-g27f0392e16 (webtiles) character file.

Game seed: 3832915662261681552

287 galech the Skirmisher (level 6, 31/48 HPs)
             Began as a Demonspawn Fighter on June 19, 2019.
             Quit the game on level 4 of the Dungeon.
             The game lasted 00:02:55 (2945 turns).

galech the Skirmisher (Demonspawn Fighter)          Turns: 2945, Time: 00:02:56

Health: 31/48      AC:  9    Str: 16    XL:     6   Next: 8%
Magic:  6/6        EV:  7    Int:  9    God:
Gold:   106        SH:  9    Dex: 15    Spells: 5/5 levels left

rFire    . . .     SeeInvis .   a - +0 war axe
rCold    . . .     Gourm    .   c - +0 shield
rNeg     . . .     Faith    .   b - +0 scale mail
rPois    .         Spirit   .   j - +0 helmet
rElec    .         Reflect  .   (no cloak)
rCorr    .         Harm     .   (no gloves)
MR       .....                  k - +0 pair of boots
Stlth    +.........             (no amulet)
HPRegen  0.16/turn              l - ring of stealth
MPRegen  0.10/turn              (no ring)

@: no status effects
A: claws 1, demonic guardian 1, spiny 1
a: no special abilities


You were on level 4 of the Dungeon.
You were not hungry.

You visited 1 branch of the dungeon, and saw 4 of its levels.

You collected 106 gold pieces.

Inventory:

Hand Weapons
 a - a +0 war axe (weapon)
Armour
 b - a +0 scale mail (worn)
 c - a +0 shield (worn)
 j - a +0 helmet (worn)
 k - a +0 pair of boots (worn)
Jewellery
 l - a ring of stealth (left claw)
Wands
 r - a wand of clouds (4)
Scrolls
 e - 2 scrolls of immolation {unknown}
 g - 2 scrolls of remove curse {unknown}
 i - 2 scrolls of fog {unknown}
 n - a scroll of amnesia {unknown}
 p - a scroll of enchant weapon {unknown}
 q - a scroll of identify {unknown}
 s - a scroll of fear {unknown}
Potions
 d - a potion of might
 h - a potion of curing {unknown}
 m - a potion of lignification {unknown}
 o - 2 potions of brilliance {unknown}
 t - a potion of haste {unknown}
Comestibles
 f - 8 rations
 u - 3 chunks of flesh


   Skills:
 + Level 4.1 Fighting
 + Level 3.5 Axes
 + Level 3.6 Armour
 + Level 1.0 Dodging
 + Level 3.7 Shields


You had 5 spell levels left.
You didn't know any spells.
Your spell library was empty.

Dungeon Overview and Level Annotations

Branches:
Dungeon (4/15)
 Temple: D:4-7

Altars:
Ru
Trog

Shops:
D:4 [


Innate Abilities, Weirdness & Mutations

You have sharp fingernails.
A weak demonic guardian rushes to your aid.
You are partially covered in sharp spines.


Message History

The worker ant is lightly wounded.
You block the worker ant's attack.
You hit the worker ant.
The worker ant is lightly wounded.
The worker ant is struck by your spines.
The worker ant bites you. You block the worker ant's attack.
You closely miss the worker ant.
The worker ant is moderately wounded.
The worker ant bites you. x2
You slash the worker ant!
You kill the worker ant!
You have reached level 6!
Your experience leads to an increase in your attributes!
Increase (S)trength, (I)ntelligence, or (D)exterity?
You feel agile.
Your demonic ancestry asserts itself...
You feel the presence of a demonic guardian.
You see here a worker ant corpse.
You butcher the worker ant corpse.
u - 3 chunks of flesh Are you sure you want to abandon this character and quit the game? (Confirm with "yes".)

#### #.#.# #.# ...#
#.#.# #.# # ...+
#.#.# #.#.#
...#######.#.# #.#.#
...........#.# ....
+#########.#.###.####
.................#
....###..####.#.##
...<.......##@#
..........##.#
#.........##.#
######.#..##.#
.....##.# #.##.##.#
#. .##.# #.#


There were no monsters in sight!

Vanquished Creatures
  A scorpion (D:4)
  A hound (D:3)
  A worker ant (D:4)
  Robin (D:2)
  6 adders
  3 oozes
  4 dart slugs
  2 leopard geckos
  8 bats
  5 giant cockroaches
  22 goblins
  14 hobgoblins
  6 jackals
  2 quokkas (D:2)
  3 frilled lizards
  8 kobolds
  6 rats
93 creatures vanquished.

Notes
Turn   | Place    | Note
-------+----------+-------------------------------------------
     0 | D:1      | galech the Demonspawn Fighter began the quest for the Orb.
     0 | D:1      | Reached XP level 1. HP: 18/18 MP: 1/1
    49 | D:1      | Gained mutation: You have sharp fingernails. [demonic
                  | ancestry]
    49 | D:1      | Reached XP level 2. HP: 24/24 MP: 2/2
   205 | D:1      | Reached XP level 3. HP: 17/29 MP: 3/3
  1147 | D:2      | Found a bloodstained altar of Trog.
  1152 | D:2      | Noticed Robin
  1168 | D:2      | Reached XP level 4. HP: 29/37 MP: 4/4
  1186 | D:2      | Killed Robin
  1262 | D:2      | Found a sacrificial altar of Ru.
  2068 | D:3      | Gained mutation: You are partially covered in sharp spines.
                  | [demonic ancestry]
  2068 | D:3      | Reached XP level 5. HP: 42/42 MP: 5/5
  2543 | D:4      | Found Ocemm's Antique Armour Shoppe.
  2636 | D:4      | Reached skill level 4 in Fighting
  2636 | D:4      | Reached skill level 1 in Dodging
  2941 | D:4      | Gained mutation: A weak demonic guardian rushes to your
                  | aid. [demonic ancestry]
  2941 | D:4      | Reached XP level 6. HP: 30/48 MP: 6/6
  2945 | D:4      | Quit the game

Levels and vault maps discovered:
D:1:      erik_arrival_gehennom, layout_basic, minmay_tetromino_o4
D:2:      layout_basic, old_standard_altar, lemuel_doored_altar, first_ration,
          uniq_robin
D:3:      wander_river, layout_loops_cross
D:4:      layout_basic, minmay_temple_entry_statues_pillars, serial_shops, shop,
          minivault_23, uniq_natasha

Skill      XL: |  1  2  3  4  5 |
---------------+----------------+-----
Axes           | 2 3 |  3.5
Shields        | 3 |  3.7
Armour         | 3 |  3.6
Fighting       | 4 |  4.1
Dodging        | 1 |  1.0

Action                   |  1- 3 |  4- 6 || total
-------------------------+-------+-------++-------
Melee: War axe           |   129 |   143 ||   272
  Eat: Chunk             |     1 |     6 ||     7
Armor: Scale mail        |    81 |    61 ||   142
Dodge: Dodged            |    42 |    38 ||    80
Block: Shield            |    88 |    72 ||   160

Table legend:
 A = Non-vault XP
 B = Vault XP
 C = Vault XP percentage of total XP
 D = Non-vault monster count
 E = Vault monster count
 F = Vault count percentage of total count
                 A         B        C        D         E       F
            +---------+---------+-------+---------+---------+-------
      Total |     345 |      66 |  16.1 |      71 |      22 |  23.7
            +---------+---------+-------+---------+---------+-------
        D:1 |      55 |      27 |  32.9 |      27 |       9 |  25.0
        D:2 |      45 |      39 |  46.4 |      22 |      13 |  37.1
        D:3 |     114 |       0 |   0.0 |      17 |       0 |   0.0
        D:4 |     131 |       0 |   0.0 |       5 |       0 |   0.0
            +---------+---------+-------+---------+---------+-------
